 Dungeon Crawl Stone Soup version 0.28.0-53-g5a82cb258f (webtiles) character file.

Game seed: 7341040390696628172

22 Zeld the Firebug (level 2, 0/24 HPs)
             Began as an Ogre Fire Elementalist on June 6, 2022.
             Slain by an adder (5 damage)
             ... on level 2 of the Dungeon.
             The game lasted 00:02:11 (1191 turns).

Zeld the Firebug (Ogre Fire Elementalist)           Turns: 1191, Time: 00:02:12

Health: 0/24       AC:  1    Str: 11    XL:     2   Next: 91%
Magic:  1/6        EV:  9    Int: 16    God:
Gold:   26         SH:  0    Dex:  9    Spells: 4/7 levels left

rFire   . . .      SeeInvis .   (no weapon)
rCold   . . .      Faith    .   (no shield)
rNeg    . . .      Spirit   .   (armour restricted)
rPois   .          Reflect  .   (helmet restricted)
rElec   .          Harm     .   (no cloak)
rCorr   .          Rampage  .   (gloves unavailable)
Will    .....                   (boots unavailable)
Stlth   +.........              (no amulet)
HPRegen 0.08/turn               (no ring)
MPRegen 0.10/turn               (no ring)

@: no status effects
A: large, unfitting armour, tough skin 1
a: no special abilities


You were on level 2 of the Dungeon.
You visited 1 branch of the dungeon, and saw 2 of its levels.

You collected 26 gold pieces.

Inventory:

Armour
 a - +0 fire dragon scales
 d - a +0 robe
Scrolls
 c - a scroll of blinking {unknown}
Potions
 b - a potion of berserk rage {unknown}


   Skills:
 - Level 1.7 Dodging
 - Level 1.4 Stealth
 * Level 3.0 Spellcasting
 + Level 1.3 Conjurations
 * Level 3.1 Fire Magic


You had 4 spell levels left.
You knew the following spells:

 Your Spells              Type           Power      Damage    Failure   Level
a - Foxfire               Conj/Fire      36%        2x1d5     8%          1
b - Scorch                Fire           24%        2d6       8%          2

Your spell library contained the following spells:

 Spells                   Type           Power      Damage    Failure   Level
 Shock                    Conj/Air       16%        1d4       14%         1
 Conjure Flame            Conj/Fire      9%         6-21      22%         3
 Inner Flame              Hex/Fire       7%         N/A       28%         3
 Swiftness                Air            2%         N/A       50%         3
 Flame Wave               Conj/Fire      9%         2d5       58%         4
 Airstrike                Air            1%         N/A       88%         4


Dungeon Overview and Level Annotations

Branches:
Dungeon (2/15)

Altars:


Innate Abilities, Weirdness & Mutations

You are too large for most types of armour.
You have tough skin. (AC +1)


Message History

Keep disrobing? [Y]es or [N]o only, please.
Keep disrobing?
You start removing your armour.
You continue taking off your +0 fire dragon scales.
The adder barely misses you.
You continue taking off your +0 fire dragon scales.
The adder bites you but does no damage.
You continue taking off your +0 fire dragon scales.
The adder bites you but does no damage. x2
You continue taking off your +0 fire dragon scales.
The adder bites you but does no damage.
You finish taking off your +0 fire dragon scales.
Unknown command.
Unknown command.
Unknown command.
Casting: Foxfire (safe; 8% risk of failure)
Confirm with . or Enter, or press ? or * to list all spells.
You conjure some foxfire!
The adder closely misses you.
Your foxfire dissipates!
The foxfire hits the adder.
The adder is severely wounded.
The adder bites you. The adder bites you.
You are poisoned.
The adder poisons you!
You feel sick.
You feel sick.
Your magical contamination has completely faded away.
You feel sick.
You feel sick. The adder bites you but does no damage.
You feel sick.
You feel sick.
You feel sick.
You are no longer poisoned.
The adder completely misses you.
You miss the adder.
The adder is severely wounded.
The adder bites you.
You die...

#.#......#.#
#.#.#.##.#
#.#.# #
#.#.# #.#.#
#.#.# #.#..
#S### #@#
###


You could see an adder.

Vanquished Creatures
  A dart slug (D:1)
  2 endoplasms (D:1)
  A giant cockroach (D:1)
  A goblin (D:1)
  2 hobgoblins (D:1)
  3 kobolds (D:1)
  A quokka (D:1)
  5 bats (D:1)
16 creatures vanquished.

Vanquished Creatures (others)
  62 foxfires
62 creatures vanquished.

Grand Total: 78 creatures vanquished

Notes
Turn   | Place    | Note
-------+----------+-------------------------------------------
     0 | D:1      | Zeld the Ogre Fire Elementalist began the quest for the
                  | Orb.
     0 | D:1      | Reached XP level 1. HP: 16/16 MP: 3/3
   173 | D:1      | Reached skill level 1 in Conjurations
   369 | D:1      | Reached XP level 2. HP: 24/24 MP: 1/5
   425 | D:1      | Learned a level 2 spell: Scorch
  1191 | D:2      | Slain by an adder

Illustrated notes

Levels and vault maps discovered:
D:1:      doesnt_arrival_eight_statues, layout_basic
D:2:      layout_basic, hellmonk_ecumenical_altar_slurped_away, uniq_robin

Skill      XL: |  1  2 |
---------------+-------+-----
Conjurations   | 1 |  1.3
Fire Magic     | 3 |  3.1
Spellcasting   | 3 |  3.0
Dodging        | |  1.7
Stealth        | |  1.4

Action                   || total
-------------------------++-------
Melee: Unarmed           ||    12
       Punch             ||     1
 Cast: Foxfire           ||    37
       Scorch            ||     2
Armor: Robe              ||     7
       Fire dragon scale ||    11
       Skin              ||     1
Dodge: Dodged            ||    27
